 Dungeon Crawl Stone Soup version 0.30.1-4-g462c640d31 (webtiles) character file.

Game seed: 14262643212022350941

175 booth the Chopper (level 5, 0/41 HPs)
             Began as a Demonspawn Gladiator on Aug 18, 2023.
             Slain by an orc wizard
             ... wielding a +8 dagger
              (9 damage)
             ... on level 3 of the Dungeon.
             The game lasted 00:12:24 (1682 turns).

booth the Chopper (Demonspawn Gladiator)            Turns: 1682, Time: 00:12:24

Health: 0/41       AC:  7    Str: 16    XL:     5   Next: 29%
Magic:  5/5        EV: 13    Int: 10    God:
Gold:   110        SH:  0    Dex: 17    Spells: 4/4 levels left

rFire   + . .        a - +0 war axe
rCold   x . .        (no shield)
rNeg    . . .        b - +0 leather armour
rPois   .            c - +0 helmet
rElec   .            (no cloak)
rCorr   .            (no gloves)
SInv    .            (no boots)
Will    .....        (no amulet)
Stlth   +            n - ring "Zeohoec" {Fire Dex+3}
HPRegen 0.26/turn    (no ring)
MPRegen 0.09/turn

%: no passive effects
@: no status effects
A: molten scales 2
a: no special abilities


You were on level 3 of the Dungeon.
You visited 1 branch of the dungeon, and saw 3 of its levels.

You collected 110 gold pieces.

Inventory:

Hand Weapons
 a - a +0 war axe (weapon)
 f - a +0 mace
Missiles
 d - 3 throwing nets (quivered)
 e - 6 silver javelins
Armour
 b - a +0 leather armour (worn)
 c - a +0 helmet (worn)
 q - a +0 ring mail
Jewellery
 n - the ring "Zeohoec" (left hand) {Fire Dex+3}
   (You found it on level 3 of the Dungeon)

   [ring of fire]

   It enhances your fire magic.
   Dex:       It affects your dexterity (+3).
   rF:        It protects you from fire.
   rC:        It makes you vulnerable to cold.
Scrolls
 g - a scroll of amnesia {unknown}
 j - a scroll of poison {unknown}
 l - a scroll of fog
Potions
 h - 3 potions of brilliance
 i - a potion of ambrosia {unknown}
 k - a potion of mutation {unknown}
 m - a potion of heal wounds
 p - a potion of cancellation


   Skills:
 + Level 3.0 Fighting
 * Level 3.9 Axes
 + Level 2.8 Throwing
 + Level 3.4 Dodging


You had 4 spell levels left.
You didn't know any spells.
Your spell library contained the following spells:

 Spells                   Type           Power      Damage    Failure   Level
 Slow                     Hex            0%         N/A       43%         1
 Poisonous Vapours        Pois/Air       0%         N/A       56%         2
 Confusing Touch          Hex            0%         N/A       80%         3
 Mephitic Cloud           Conj/Pois/Air  0%         N/A       80%         3
 Vampiric Draining        Necr           0%         2d6       80%         3
 Freezing Cloud           Conj/Ice/Air   0%         6-21      100%        5


Dungeon Overview and Level Annotations

Branches:
Dungeon (3/15)

Altars:
Kikubaaqudgha

Shops:
D:2 =


Innate Abilities, Weirdness & Mutations

You are mostly covered in molten scales. (AC +3)


Message History

The giant cockroach completely misses you.
The giant cockroach bites you but does no damage.
You hit the giant cockroach.
The giant cockroach is severely wounded.
The giant cockroach bites you but does no damage.
You slash the giant cockroach!
You kill the giant cockroach!
You see here a giant cockroach corpse.
An orc comes into view. It is wielding a +0 whip.
An orc comes into view. It is wielding a +0 whip.
The orc shouts!
You hear a shout!
An adder comes into view.
The orc moves out of view.
An orc wizard comes into view. It is wielding a +8 dagger.
Found a whip.
The orc wizard casts a spell.
The orc wizard flickers and vanishes!
Deactivating autopickup; reactivate with Ctrl-A.
You hear a shout!
You hit the orc.
The orc is moderately wounded.
The orc hits you but does no damage. The orc closely misses you.
You closely miss the orc.
The orc is moderately wounded.
The orc hits you but does no damage.
You slash the orc!
You kill the orc!
Something hits you!
You hit something but do no damage. Something hits you. x2
You closely miss something. Something hits you.
You closely miss something. You punch something. Something hits you.
* * * LOW HITPOINT WARNING * * *
You closely miss something. Something barely misses you. Something hits you.
* * * LOW HITPOINT WARNING * * *
You barely miss something. Something hits you.
* * * LOW HITPOINT WARNING * * *
You completely miss something. Something hits you.
* * * LOW HITPOINT WARNING * * *
You miss something. Something hits you!
You die...

#............
#####†.###.##
#..###.######
#.....#......
#.####...#
#......#.##)..
######......{.
#)####... #@#
#.# #.# #.#
#.# #.. ###


There were no monsters in sight!

Vanquished Creatures
  Natasha (thrice) (D:2)
  Robin (D:2)
  2 adders (D:2)
  A worm (D:2)
  2 dart slugs (D:2)
  An orc (D:3)
  6 ball pythons
  6 endoplasms
  2 giant cockroaches
  16 goblins
  4 hobgoblins
  4 quokkas
  6 bats
  4 frilled lizards
  A kobold (D:2)
  5 rats
64 creatures vanquished.

Notes
Turn   | Place    | Note
-------+----------+-------------------------------------------
     0 | D:1      | booth the Demonspawn Gladiator began the quest for the Orb.
     0 | D:1      | Reached XP level 1. HP: 16/16 MP: 1/1
   211 | D:1      | Gained mutation: You are partially covered in molten
                  | scales. (AC +2) [demonic ancestry]
   211 | D:1      | Reached XP level 2. HP: 22/22 MP: 2/2
   626 | D:2      | Found Dixazox's Jewellery Emporium.
   650 | D:2      | Gained mutation: You are mostly covered in molten scales.
                  | (AC +3) [demonic ancestry]
   650 | D:2      | Reached XP level 3. HP: 28/28 MP: 3/3
   659 | D:2      | Noticed Robin
   671 | D:2      | Killed Robin
   855 | D:2      | Reached XP level 4. HP: 34/34 MP: 4/4
   945 | D:2      | Noticed Natasha
   957 | D:2      | Killed Natasha
  1070 | D:2      | Noticed Natasha
  1110 | D:2      | Killed Natasha
  1111 | D:2      | Reached XP level 5. HP: 13/40 MP: 5/5
  1237 | D:2      | Noticed Natasha
  1250 | D:2      | Killed Natasha
  1365 | D:3      | Identified the ring "Zeohoec" {Fire Dex+3}
  1488 | D:3      | Found an ancient bone altar of Kikubaaqudgha.
  1682 | D:3      | Slain by an orc wizard

Illustrated notes

Levels and vault maps discovered:
D:1:      dpeg_arrival_subterranean_lakeside_camping, layout_basic,
          dreamdust_wishing_well
D:2:      layout_rooms, serial_shops, shop, uniq_natasha, uniq_robin
D:3:      layout_loops_ring, nicolae_overflow_crystal_walls,
          hangedman_decor_points

Skill      XL: |  1  2  3  4  5 |
---------------+----------------+-----
Throwing       | 2 |  2.8
Dodging        | 3 |  3.4
Axes           | 3 |  3.9
Fighting       | 3 |  3.0

Action                     |  1- 3 |  4- 6 || total
---------------------------+-------+-------++-------
  Melee: War axe           |   106 |    61 ||   167
         Punch             |     2 |     2 ||     4
  Throw: Javelin           |     1 |     1 ||     2
         Throwing net      |       |     1 ||     1
    Use: Scroll            |     4 |     2 ||     6
         Potion            |     1 |     1 ||     2
 Armour: Leather armour    |    47 |    31 ||    78
  Dodge: Dodged            |    73 |    55 ||   128
